 Dungeon Crawl Stone Soup version 0.30.0-5-g1a98f26d00 (webtiles) character file.

Game seed: 9282377118220427564

13518 monsoonserge the Covert (level 11, -6/88 HPs)
             Began as a Black Draconian Enchanter on May 11, 2023.
             Was an Elder of Vehumet.
             Mangled by Harold
             ... wielding a +5 halberd of protection
              (22 damage)
             ... on level 2 of the Lair of Beasts.
             The game lasted 01:00:59 (10462 turns).

monsoonserge the Covert (DrEn)                     Turns: 10462, Time: 01:01:00

Health: -6/88      AC:  7    Str:  9 (11) XL:     11   Next: 76%
Magic:  20/26      EV: 14    Int: 17 (19) God:    Vehumet [****..]
Gold:   928        SH:  5    Dex: 12      Spells: 6/18 levels left

rFire   + . .        r - +1 dagger (venom)
rCold   + . .        (no shield)
rNeg    . . .        (body armour unavailable)
rPois   .            (helmet restricted)
rElec   +            T - scarf {rC+ rF+}
rCorr   .            (no gloves)
SInv    .            (no boots)
Will    .....        J - amulet of reflection
Stlth   +++++        v - ring of magical power
HPRegen 0.34/turn    (no ring)
MPRegen 0.20/turn

%: reflection
@: short of breath
A: breathe lightning, AC +7, unfitting armour, electricity resistance,
cold-blooded
a: Breathe Lightning, Renounce Religion


You were on level 2 of the Lair of Beasts.
You worshipped Vehumet.
Vehumet was greatly pleased with you.
You visited 3 branches of the dungeon, and saw 12 of its levels.
You also visited: Ossuary and Volcano.

You collected 928 gold pieces.

Inventory:

Hand Weapons
 a - a +0 dagger of freezing
 m - a +2 longbow of flaming
 r - a +1 dagger of venom (weapon)
 I - a +2 sling of flaming
 M - a +1 dagger of protection
Missiles
 c - 14 boomerangs (quivered)
 x - 5 throwing nets
 B - 4 curare-tipped darts
 L - 3 javelins
 Q - 6 poisoned darts
Armour
 T - a scarf of resistance (worn)
Magical Staves
 R - a staff of fire
Jewellery
 v - a ring of magical power (left hand)
 J - an amulet of reflection (around neck)
 U - an amulet of magic regeneration
Wands
 n - a wand of charming (17)
 q - a wand of digging (1)
 D - a wand of flame (27)
 O - a wand of roots (13)
 P - a wand of acid (3)
Scrolls
 d - 5 scrolls of teleportation {unknown}
 i - 14 scrolls of identify {unknown}
 j - 2 scrolls of fear {unknown}
 l - 3 scrolls of fog {unknown}
 o - a scroll of summoning {unknown}
 p - 2 scrolls of immolation {unknown}
 s - 4 scrolls of blinking {unknown}
 t - a scroll of noise {unknown}
 y - 6 scrolls of poison {unknown}
 A - a scroll of enchant armour {unknown}
 F - 2 scrolls of amnesia {unknown}
 H - a scroll of magic mapping {unknown}
 S - a scroll of enchant weapon {unknown}
 W - a scroll of acquirement {unknown}
Potions
 b - a potion of invisibility
 e - 2 potions of berserk rage {unknown}
 f - 5 potions of degeneration
 g - 2 potions of flight {unknown}
 h - 3 potions of lignification
 k - 5 potions of curing
 u - 6 potions of haste
 w - a potion of heal wounds
 z - a potion of ambrosia {unknown}
 C - a potion of magic {unknown}
 E - 4 potions of mutation {unknown}
 G - 3 potions of might {unknown}
 K - a potion of cancellation {unknown}
 N - 3 potions of resistance
 V - a potion of attraction {unknown}


   Skills:
 + Level 5.3 Fighting
 + Level 7.1 Short Blades
 + Level 2.4 Throwing
 + Level 7.0 Dodging
 - Level 12.0 Stealth
 - Level 1.0 Shields
 - Level 4.0 Spellcasting
 + Level 3.0 Conjurations
 - Level 7.0 Hexes
 - Level 2.0 Ice Magic
 - Level 3.0 Air Magic
 - Level 2.0 Poison Magic


You had 6 spell levels left.
You knew the following spells:

 Your Spells              Type           Power      Damage    Failure   Level
a - Ensorcelled Hibernat  Hex/Ice        36%        N/A       3%          2
b - Confusing Touch       Hex            27%        N/A       2%          3
c - Searing Ray           Conj           26%        2d5       1%          2
d - Poisonous Vapours     Pois/Air       22%        N/A       2%          2
e - Dazzling Flash        Conj/Hex       40%        N/A       1%          3

Your spell library contained the following spells:

 Spells                   Type           Power      Damage    Failure   Level
 Lee's Rapid Deconstruct  Erth           1%         3d4*      69%         5
 Tukima's Dance           Hex            27%        N/A       2%          3
 Stone Arrow              Conj/Erth      16%        3d8       7%          3
 Portal Projectile        Hex/Tloc       30%        N/A       11%         3
 Summon Guardian Golem    Hex/Summ       15%        N/A       11%         3
 Summon Small Mammal      Summ           12%        N/A       16%         1
 Call Canine Familiar     Summ           3%         N/A       43%         3
 Blade Hands              Tmut           1%         N/A       99%         5
 Lehudib's Crystal Spear  Conj/Erth      4%         10d3      100%        8
 Animate Armour           Summ/Erth      Unusable   N/A       N/A         4

Dungeon Overview and Level Annotations

Branches:
Dungeon (8/15)             Temple (1/1) D:4            Lair (3/5) D:8
Ossuary (visited)         Volcano (visited)
  Swamp: Lair:2-3    Shoals: Lair:2-3     Snake: Lair:2-3    Spider: Lair:2-3

Altars:
Ashenzari
Cheibriados
Dithmenos
Elyvilon
Fedhas
Gozag
Hepliaklqana
Kikubaaqudgha
Makhleb
Nemelex Xobeh
Okawaru
Qazlal
Ru
Sif Muna
Trog
Uskayaw
Vehumet
Wu Jian
Xom
Yredelemnul
Zin
The Shining One

Annotations:
Lair:2 Harold


Innate Abilities, Weirdness & Mutations

You can breathe wild blasts of lightning.
Your glossy black scales are hard. (AC +7)
You cannot fit into any form of body armour.
You are resistant to electric shocks. (rElec)
You are cold-blooded and may be slowed by cold attacks.


Message History

Activating: Breathe Lightning (3% risk of failure)
Press: ? - help, Dir - look around, f - activate You breathe a wild blast of lightning!
The orb of electricity explodes!
The orb of electricity engulfs Harold!!
Harold is heavily wounded.
The orb of electricity engulfs you. You resist.
You hear a clap of thunder!
The orb of electricity engulfs you. You resist.
The bolt of lightning misses the rat.
You hear a deafening roar! x7; You hear a roar!
You block Harold's attack.
Casting: Ensorcelled Hibernation (safe; 3% risk of failure)
Confirm with . or Enter, or press ? or * to list all spells.
You don't know that spell.
Unknown command.
Casting: Ensorcelled Hibernation (safe; 3% risk of failure)
Confirm with . or Enter, or press ? or * to list all spells.
Casting: Dazzling Flash (safe; 1% risk of failure)
Press: ? - help, Dir - look around, f - activate Look: Harold, wielding a +5 halberd of protection and wearing a +0 scale mail (heavily wounded, chance to dazzle: 45%) Harold is dazzled.
The rat is dazzled.
Harold drinks a potion.
Harold suddenly seems more resistant.
The rat bites you but does no damage.
You hit Harold but do no damage.
Harold is moderately wounded.
Press: ? - help, v - describe, . - travel
Here: Harold, wielding a +5 halberd of protection and wearing a +0 scale mail (moderately wounded, unusually resistant, blind)
The floor.
You hit Harold but do no damage.
Harold is poisoned.
Harold is moderately wounded.
You block Harold's attack. The rat closely misses you.
You hit Harold but do no damage.
Harold is moderately wounded.
The rat twitches its whiskers.
The rat closely misses you.
Harold hits you with a +5 halberd of protection!
* * * LOW HITPOINT WARNING * * *
A hell rat comes into view.
Harold is no longer blind.
Harold hits you with a +5 halberd of protection!!
You die...

......##......#.##.#......>
..... ##.#######..........
.r.. #†..##...##.........
... ##...##.[............
.. #....'....#.......... .
....#...#######.........
PP...#.#.####.###........
......##'##..$.##........
.....+..@##..($.#........
.....+..@r.....##..###.##
#.. +....#+#####...# ## ##
#.#+## #....## ## ##...##
#.#..# #.#.## #...### ##
#...#.##.P


You could see Harold (resistant, very poisoned) and a rat (wandering, blind).

Vanquished Creatures
  A sun demon (Volcano)
  A hell knight (Volcano)
  3 ugly things (Volcano)
  2 black mambas
  A gargoyle (Volcano)
  3 cane toads
  A komodo dragon (Lair:2)
  A red devil (Volcano)
  Sigmund (D:3)
  15 yaks
  3 wyverns
  10 fire bats
  Grum (Lair:1)
  A warg (Lair:1)
  2 acid dragons (D:8)
  3 water moccasins
  A hell hound (Volcano)
  Duvessa (D:7)
  An ice beast (D:8)
  2 sky beasts (D:7)
  2 black bears
  2 ogres
  14 wolves (Lair:1)
  2 centaurs
  3 phantoms
  A gnoll sergeant (D:7)
  7 bullfrogs
  Dowan (D:7)
  3 killer bees (D:4)
  4 howler monkeys
  6 lava snakes (Volcano)
  3 jellies
  4 hounds
  3 orc priests
  A sleepcap (D:4)
  4 iguanas
  7 orc wizards
  A hell rat (Lair:2)
  12 mummies (Ossuary)
  7 gnolls
  4 river rats (Lair:2)
  9 adders
  3 ufetubi
  2 worms
  A dart slug (D:2)
  24 orcs
  6 endoplasms
  6 giant cockroaches
  5 goblins
  11 hobgoblins
  2 jackals
  5 kobolds
  8 quokkas
  8 ball pythons
  6 bats (D:1)
  2 frilled lizards
  2 gnoll skeletons (Ossuary)
  A goblin skeleton (Ossuary)
  3 kobold skeletons (Ossuary)
  2 orc skeletons (Ossuary)
  6 rats
  11 rat skeletons (Ossuary)
268 creatures vanquished.

Notes
Turn   | Place    | Note
-------+----------+-------------------------------------------
     0 | D:1      | monsoonserge the Draconian Enchanter began the quest for
                  | the Orb.
     0 | D:1      | Reached XP level 1. HP: 14/14 MP: 3/3
    56 | D:1      | Reached skill level 3 in Stealth
   178 | D:1      | Reached XP level 2. HP: 17/20 MP: 5/5
   181 | D:1      | Learned a level 2 spell: Ensorcelled Hibernation
   647 | D:2      | Reached XP level 3. HP: 26/26 MP: 6/6
   724 | D:2      | Reached skill level 1 in Ice Magic
   824 | D:2      | Learned a level 3 spell: Confusing Touch
   870 | D:2      | Identified the +2 sling "Doffai" {drain, *Corrode Str+5}
  1374 | D:2      | Reached XP level 4. HP: 23/34 MP: 7/7
  1544 | D:3      | Found an opulent altar of Gozag.
  1576 | D:3      | HP: 2/51 [poisoned by an orc]
  1861 | D:3      | Found a glowing silver altar of Zin.
  1921 | D:3      | Found a faded altar of an unknown god.
  2079 | D:3      | Reached XP level 5. HP: 25/39 MP: 8/8
  2187 | D:3      | Noticed Sigmund
  2228 | D:3      | Killed Sigmund
  2229 | D:3      | Reached skill level 1 in Fighting
  2229 | D:3      | Reached skill level 4 in Stealth
  2229 | D:3      | Reached XP level 6. HP: 3/47 MP: 9/10
  2447 | D:4      | Found a staircase to the Ecumenical Temple.
  2457 | D:5      | Entered Level 5 of the Dungeon
  2473 | Temple   | Entered the Ecumenical Temple
  3084 | D:4      | Your scales start taking on a glossy black colour.
  3084 | D:4      | Reached XP level 7. HP: 44/52 MP: 11/11
  3084 | D:4      | Gained mutation: You are resistant to electric shocks.
                  | (rElec) [Black Draconian growth]
  3312 | Temple   | Became a worshipper of Vehumet
  3444 | D:5      | Found a large runed translucent door.
  3445 | D:5      | Found a large runed translucent door.
  3476 | D:5      | Reached skill level 5 in Stealth
  3644 | D:5      | Found a hide-covered altar of Uskayaw.
  3883 | D:5      | Reached XP level 8. HP: 50/60 MP: 12/12
  4079 | D:6      | Found a sand-covered staircase.
  4105 | D:6      | Reached skill level 6 in Stealth
  4220 | Ossuary  | Entered an ossuary
  4246 | Ossuary  | Reached * piety under Vehumet
  4246 | Ossuary  | Offered knowledge of Freeze by Vehumet.
  4398 | Ossuary  | Reached skill level 5 in Hexes
  4697 | Ossuary  | Offered knowledge of Searing Ray by Vehumet.
  4705 | Ossuary  | Learned a level 2 spell: Searing Ray
  4729 | Ossuary  | Reached ** piety under Vehumet
  5000 | D:6      | Reached skill level 1 in Conjurations
  5085 | D:5      | Found a stormy altar of Qazlal.
  5096 | D:5      | Found a shimmering altar of Xom.
  5370 | D:6      | Reached skill level 7 in Stealth
  5620 | D:6      | Found a sparkling altar of Nemelex Xobeh.
  5674 | D:6      | You fall into a shaft and drop 2 floors!
  5964 | D:7      | Reached XP level 9. HP: 68/68 MP: 13/13
  6572 | D:7      | Noticed Duvessa
  6578 | D:7      | Noticed Dowan
  6579 | D:7      | Killed Duvessa
  6585 | D:7      | Killed Dowan
  6597 | D:7      | Offered knowledge of Poisonous Vapours by Vehumet.
  6692 | D:7      | Learned a level 2 spell: Poisonous Vapours
  6750 | D:7      | Reached skill level 8 in Stealth
  6832 | D:7      | Reached skill level 1 in Air Magic
  6937 | D:7      | Reached skill level 1 in Poison Magic
  7067 | D:8      | Reached *** piety under Vehumet
  7194 | D:8      | Found a staircase to the Lair.
  7315 | D:8      | Learned a level 3 spell: Dazzling Flash
  7467 | D:8      | Reached XP level 10. HP: 77/77 MP: 16/16
  7475 | D:8      | Reached skill level 1 in Shields
  7781 | Lair:1   | Entered Level 1 of the Lair of Beasts
  7884 | Lair:1   | Noticed a black mamba
  7892 | Lair:1   | Killed a black mamba
  7893 | Lair:1   | Reached skill level 9 in Stealth
  8102 | Lair:1   | Reached skill level 5 in Short Blades
  8168 | Lair:1   | Reached skill level 5 in Dodging
  8207 | Lair:1   | Offered knowledge of Volatile Blastmotes by Vehumet.
  8434 | Lair:1   | Reached skill level 10 in Stealth
  8597 | Lair:1   | Noticed Grum
  8606 | Lair:1   | Killed Grum
  8713 | Lair:1   | Noticed a cane toad
  8720 | Lair:1   | Killed a cane toad
  9116 | Lair:2   | Reached skill level 11 in Stealth
  9367 | Lair:3   | Reached XP level 11. HP: 84/84 MP: 17/17
  9487 | Lair:3   | Found a dark tunnel.
  9552 | Volcano  | Entered a volcano
  9785 | Volcano  | Reached **** piety under Vehumet
  9828 | Volcano  | Reached skill level 12 in Stealth
  9964 | Volcano  | Noticed a red ugly thing
  9993 | Volcano  | Noticed a hell knight
  9993 | Volcano  | Noticed a red ugly thing
  9996 | Volcano  | Killed a red ugly thing
 10001 | Volcano  | Found a bloodstained altar of Trog.
 10001 | Volcano  | Noticed a red ugly thing
 10001 | Volcano  | Noticed a sun demon
 10012 | Volcano  | Killed a sun demon
 10012 | Volcano  | Offered knowledge of Lee's Rapid Deconstruction by Vehumet.
 10013 | Volcano  | Reached skill level 1 in Throwing
 10031 | Volcano  | Killed a green ugly thing
 10032 | Volcano  | Killed a red ugly thing
 10051 | Volcano  | Killed a hell knight
 10318 | Lair:2   | Reached skill level 5 in Fighting
 10449 | Lair:2   | Noticed Harold
 10462 | Lair:2   | Mangled by Harold

Illustrated notes

Levels and vault maps discovered:
D:1:      eino_arrival_tree_alley, layout_loops_ring, grunt_decor_fettered,
          feat_on_display
D:2:      layout_basic
D:3:      layout_basic, pdpol_temple_overflow_zin_treasury_gozag_greed,
          hellmonk_ecumenical_altar_inner_sanctum, item_on_display_a,
          uniq_sigmund
D:4:      layout_loops_ring, minmay_temple_entry_mist
D:5:      layout_basic, nicolae_uskayaw_suspiria, jmf_multi_god_temple2,
          nicolae_concentric_dashed_squares_mild, hex_medium
D:6:      layout_basic, mainiacjoe_overflow_24_doors,
          lightli_ossuary_entry_decrepit_ruins
D:7:      layout_basic, uniq_duvessa
D:8:      layout_cave_pods, dpeg_oklobed_lair
Temple:   nicolae_temple_slightly_damp_pantheon
Lair:1:   beast_lair_carwin_large_4, layout_cave_pods, serial_bayou_pond_e,
          grunt_megastairs_3, infiniplex_staircase_pool_2, uniq_grum
Lair:2:   layout_chaotic_city, minmay_shoals_entry_hut,
          spider_nest_entry_web_field, kennysheep_abandoned_house, uniq_harold
Lair:3:   layout_cave_pods, nicolae_volcano_entry_batcave, serial_bayou_shore_b,
          grunt_megastairs_5, lemuel_fruit_tree

Skill      XL: |  1  2  3  4  5  6  7  8  9 10 11 |
---------------+----------------------------------+-----
Stealth        | 3 4 5 7 8 11 12 | 12.0
Dodging        | 2 3 4 5 7 |  7.0
Ice Magic      | 1 2 |  2.0
Hexes          | 3 4 5 6 7 |  7.0
Short Blades   | 2 3 4 5 7 |  7.1
Fighting       | 1 2 3 4 5 |  5.3
Spellcasting   | 3 4 |  4.0
Conjurations   | 2 3 |  3.0
Air Magic      | 3 |  3.0
Poison Magic   | 2 |  2.0
Shields        | 1 |  1.0
Throwing       | 2 |  2.4

Action                     |  1- 3 |  4- 6 |  7- 9 | 10-12 || total
---------------------------+-------+-------+-------+-------++-------
  Melee: Dagger            |   126 |   126 |   295 |   146 ||   693
         Tailslap          |     8 |    19 |    50 |     8 ||    85
         Punch             |     1 |       |     1 |       ||     2
  Throw: Boomerang         |     1 |       |       |    10 ||    11
   Cast: Ensorcelled Hiber |    10 |    33 |    71 |    92 ||   206
         Confusing Touch   |       |       |    14 |       ||    14
         Searing Ray       |       |       |     2 |       ||     2
         Poisonous Vapours |       |       |       |     1 ||     1
         Dazzling Flash    |       |       |       |     2 ||     2
Ability: Breathe Lightning |       |       |     1 |     2 ||     3
    Use: Potion            |       |     4 |       |     7 ||    11
   Stab: Sleeping          |    12 |    23 |    68 |    61 ||   164
         Confused          |       |       |    13 |       ||    13
         Invisible         |       |       |       |     5 ||     5
 Armour: Skin              |    44 |    33 |    65 |    54 ||   196
  Dodge: Dodged            |    80 |    90 |   141 |   117 ||   428
  Block: Other             |       |       |    15 |    49 ||    64
         Reflection        |       |       |       |     1 ||     1
